 Dungeon Crawl Stone Soup version 0.28-a0-2-g643f2454ad (webtiles) character file.

Game seed: 8788261456938771178

3098 dolemite99 the Spear-Bearer (level 9, -2/68 (69) HPs)
             Began as a Merfolk Fighter on July 23, 2021.
             Was a Priest of Fedhas.
             Slain by Duvessa (4 damage)
             ... on level 7 of the Dungeon.
             The game lasted 00:15:40 (12413 turns).

dolemite99 the Spear-Bearer (Merfolk Fighter)      Turns: 12413, Time: 00:15:41

HP:   -2/68 (69)    AC:  7    Str: 16 (18) XL:     9   Next: 90%
MP:   9/14          EV: 12    Int:  7 (8)  God:    Fedhas [***...]
Gold: 213           SH:  0    Dex: 13 (14) Spells: 4/8 levels left

rFire   . . .      SeeInvis .   a - +0 trident
rCold   . . .      Faith    .   (no shield)
rNeg    . . .      Spirit   .   C - +0 scale mail
rPois   .          Reflect  .   (no helmet)
rElec   .          Harm     .   t - scarf {repulsion}
rCorr   .          Rampage  .   (no gloves)
Will    .....                   v - +0 pair of boots
Stlth   ..........              g - amulet of regeneration
HPRegen 1.21/turn               H - ring of wizardry
MPRegen 0.14/turn               (no ring)

@: mighty, lightly drained, repel missiles
A: (nimble swimmer 2), mertail
a: Renounce Religion, Wall of Briars, Grow Ballistomycete


You were on level 7 of the Dungeon.
You worshipped Fedhas.
Fedhas was most pleased with you.
You visited 1 branch of the dungeon, and saw 8 of its levels.

You collected 213 gold pieces.

Inventory:

Hand Weapons
 a - a +0 trident (weapon)
 b - a +0 longbow
 d - a +1 dagger of venom
 h - a +0 dagger of freezing
 m - a +3 dagger
 F - the +7 short sword of Action {antimagic, Contam rPois Str+4 Dex+4}
   (You found it on level 7 of the Dungeon)

   It reduces the magical energy of the wielder, and disrupts the spells and
   magical abilities of those it strikes.
   Natural abilities and divine invocations are not affected.
   Str:       It affects your strength (+4).
   Dex:       It affects your dexterity (+4).
   rPois:     It protects you from poison.
   Contam:    It causes magical contamination when unequipped.
 I - a +0 shortbow
Missiles
 i - 217 stones (quivered)
 q - 52 bolts
 z - 21 poisoned darts
 A - 76 arrows
Armour
 c - a +0 kite shield
 t - a scarf of repulsion (worn)
 v - a +0 pair of boots (worn)
 x - a +0 chain mail
 C - a +0 scale mail (worn)
 M - a +2 leather armour of willpower
Jewellery
 e - a ring of see invisible
 g - an amulet of regeneration (around neck)
 D - a ring of fire
 H - a ring of wizardry (left hand)
Wands
 l - a wand of polymorph (8)
 L - a wand of digging (4)
Scrolls
 k - a scroll of enchant weapon {unknown}
 n - a scroll of blinking
 p - a scroll of enchant armour {unknown}
 r - a scroll of amnesia {unknown}
 u - 2 scrolls of torment
 y - 4 scrolls of noise {unknown}
 E - a scroll of summoning {unknown}
 G - 2 scrolls of teleportation {unknown}
 J - a scroll of immolation {unknown}
Potions
 f - a potion of mutation
 j - a potion of berserk rage {unknown}
 o - 2 potions of degeneration
 s - a potion of heal wounds {unknown}
 w - 2 potions of flight {unknown}
 B - 2 potions of attraction {unknown}
 N - a potion of lignification {unknown}


   Skills:
 - Level 6.2 Fighting
 - Level 2.0 Short Blades
 - Level 10.0 Polearms
 - Level 2.6 Throwing
 - Level 2.1 Armour
 + Level 9.0 Dodging
 - Level 3.0 Shields
 - Level 7.6 Invocations


You had 4 spell levels left.
You knew the following spells:

 Your Spells              Type           Power      Damage    Failure   Level
a - Animate Skeleton      Necr           0%         N/A       52%         1
b - Apportation           Tloc           0%         N/A       52%         1
c - Slow                  Hex            0%         N/A       67%         2

Your spell library contained the following spells:

 Spells                   Type           Power      Damage    Failure   Level
 Corona                   Hex            0%         N/A       52%         1
 Summon Small Mammal      Summ           0%         N/A       52%         1
 Static Discharge         Conj/Air       0%         N/A       67%         2
 Confusing Touch          Hex            0%         N/A       87%         3
 Lightning Bolt           Conj/Air       0%         1d11      100%        5
 Yara's Violent Unravell  Hex/Tmut       0%         3d3       100%        5
 Maxwell's Capacitive Co  Air            0%         ∞         100%        8


Dungeon Overview and Level Annotations

Branches:
Dungeon (8/15)             Temple (0/1) D:7
   Lair: D:8-11

Altars:
Fedhas
Kikubaaqudgha
Makhleb
Qazlal
Zin

Annotations:
D:5 exclusion: downstairs
D:6 exclusion: downstairs
D:7 Duvessa


Innate Abilities, Weirdness & Mutations

((You are quick and stealthy near water. (Stealth+, EV+, Speed+++)))
Your lower body shifts to a powerful aquatic tail in water.


Message History

The wight hits your briar patch but does no damage.
A ballistomycete spore comes into view.
You walk carefully through the plants.
Duvessa hits you with a +0 short sword!
Your ballistomycete spore explodes!
Fedhas protects your plant from harm.
The explosion of spores engulfs the wight!
The wight is heavily damaged.
You hit Duvessa but do no damage.
Duvessa is lightly wounded.
Duvessa closely misses you.
You hit Duvessa.
Duvessa is moderately wounded.
Duvessa hits you with a +0 short sword!
The wight hits your briar patch with a +3 mace.
Duvessa hits you with a +0 short sword!
You feel very mighty all of a sudden. Duvessa hits you with a +0 short sword!
* * * LOW HITPOINT WARNING * * *
The wight hits your briar patch with a +0 long sword!
The wight is struck by your briar patch's thorns.
The wight hits your briar patch but does no damage.
A ballistomycete spore comes into view.
You puncture Duvessa!
Duvessa is heavily wounded.
Duvessa hits you with a +0 short sword!
* * * LOW HITPOINT WARNING * * *
The wight is struck by your briar patch's thorns.
The wight is destroyed!
Fedhas accepts your kill.
The wight hits your briar patch with a +3 mace.
Your ballistomycete spore moves out of view.
Your Dodging skill increases to level 9!
It was a potion of degeneration.
There was something very wrong with that liquid.
You feel weakened.
You feel dopey.
You feel clumsy. Duvessa hits you with a +0 short sword.
* * * LOW HITPOINT WARNING * * *
Duvessa hits you with a +0 short sword.
You die...
Fedhas appreciates your contribution to the ecosystem.

#
#...........(....#.##....##..
#............###.#.##..####..
#.....##.###.###.#........#..
########.###.#.........####..
#.)*..#.#.###.#.###8..
#..P.)#.#.#...†....... #.
#zPP.......#.##.8.. #.
##e###.#.###.##.#.. #@#
#.#.###.##.#..
#.....#.....##.#..
################.. #.. #..
###


You could see Duvessa (berserk, ally target), a wight (ally target), a friendly
ballistomycete (summoned) and a friendly ballistomycete spore.

Vanquished Creatures
  Pikel (D:5)
  Menkaure (D:7)
  A water moccasin (D:4)
  3 ice beasts
  2 sky beasts (D:6)
  4 ogres
  2 necrophages (D:7)
  A centaur (D:6)
  2 lemures (D:7)
  2 phantoms (D:4)
  A bullfrog (D:7)
  A gnoll sergeant (D:7)
  A scorpion (D:6)
  A water moccasin zombie (D:6)
  3 wights
  2 bullfrog zombies
  A hound (D:5)
  An orc priest (D:6)
  A gnoll shaman (D:4)
  An iguana (D:5)
  6 orc wizards
  Natasha (D:2)
  A scorpion zombie (D:5)
  8 gnolls
  A howler monkey skeleton (D:6)
  7 adders
  2 shadow imps
  A white imp (D:6)
  An adder skeleton (D:4)
  2 worms
  24 orcs
  9 ball pythons
  9 bats
  5 endoplasms
  8 giant cockroaches
  6 goblins
  5 hobgoblins
  8 jackals
  6 quokkas
  4 frilled lizards (D:1)
  4 kobolds
  2 quokka skeletons (D:4)
  4 rats
156 creatures vanquished.

Vanquished Creatures (collateral kills)
  Dowan (D:7)
  5 wights
  An orc wizard (D:7)
  8 ballistomycete spores
15 creatures vanquished.

Vanquished Creatures (others)
  A ballistomycete spore (D:4)
  6 withered plants (D:6)
7 creatures vanquished.

Grand Total: 178 creatures vanquished

Notes
Turn   | Place    | Note
-------+----------+-------------------------------------------
     0 | D:1      | dolemite99 the Merfolk Fighter began the quest for the Orb.
     0 | D:1      | Reached XP level 1. HP: 18/18 MP: 1/1
   483 | D:1      | Reached skill level 4 in Polearms
   483 | D:1      | Reached XP level 2. HP: 24/24 MP: 2/2
   574 | D:1      | Found a faded altar of an unknown god.
   598 | D:1      | Became a worshipper of Fedhas Madash
   598 | D:1      | Reached * piety under Fedhas
  1040 | D:1      | Reached skill level 5 in Polearms
  1040 | D:1      | Reached XP level 3. HP: 29/29 MP: 3/3
  1712 | D:2      | Reached ** piety under Fedhas
  1715 | D:2      | Reached skill level 1 in Dodging
  2238 | D:2      | Reached XP level 4. HP: 24/35 MP: 4/4
  2595 | D:2      | Reached skill level 6 in Polearms
  3832 | D:3      | Noticed Natasha
  3838 | D:2      | Killed Natasha
  3839 | D:2      | Reached XP level 5. HP: 37/41 MP: 5/5
  4625 | D:3      | Reached skill level 7 in Polearms
  4756 | D:3      | Found a stormy altar of Qazlal.
  5098 | D:3      | Found a glowing silver altar of Zin.
  5143 | D:4      | Noticed a phantom
  5268 | D:3      | Reached *** piety under Fedhas
  5516 | D:4      | Killed a phantom
  5517 | D:4      | Reached skill level 1 in Throwing
  5517 | D:4      | Reached XP level 6. HP: 37/47 MP: 6/6
  5710 | D:4      | Found a burning altar of Makhleb.
  6096 | D:4      | Reached skill level 1 in Invocations
  6096 | D:4      | Reached XP level 7. HP: 9/52 MP: 7/7
  6908 | D:5      | Entered Level 5 of the Dungeon
  7269 | D:4      | Reached skill level 5 in Invocations
  7296 | D:4      | Reached XP level 8. HP: 49/58 MP: 8/12
  8772 | D:6      | Found an ancient bone altar of Kikubaaqudgha.
  9374 | D:6      | Reached skill level 8 in Polearms
  9695 | D:6      | Reached skill level 9 in Polearms
  9933 | D:7      | Identified the +7 short sword of Action {antimagic, Contam
                  | rPois Str+4 Dex+4}
  9959 | D:7      | Reached XP level 9. HP: 64/64 MP: 14/14
  9970 | D:7      | Reached skill level 10 in Polearms
 10009 | D:7      | Learned a level 1 spell: Animate Skeleton
 10011 | D:7      | Learned a level 1 spell: Apportation
 10040 | D:7      | Noticed Menkaure
 10053 | D:7      | Killed Menkaure
 10054 | D:7      | Reached skill level 5 in Dodging
 10306 | D:7      | Noticed Dowan
 10306 | D:7      | Noticed Pikel
 10307 | D:7      | Noticed Duvessa
 10673 | D:6      | Identified the +2 scale mail of the Aged Songs {rElec
                  | Int+5}
 10683 | D:6      | Reached **** piety under Fedhas
 10959 | D:6      | Reached skill level 5 in Fighting
 11327 | D:7      | Learned a level 2 spell: Slow
 11477 | D:7      | Killed Dowan
 11946 | D:5      | Killed Pikel
 12280 | D:7      | Found a staircase to the Ecumenical Temple.
 12413 | D:7      | HP: 2/68 [Duvessa (6)]
 12413 | D:7      | Slain by Duvessa

Illustrated notes

Levels and vault maps discovered:
D:1:      sevenhm_arrival_forest_fort_large_2, layout_basic,
          basic_ecumenical_altar
D:2:      layout_basic, hangedman_decor_clover_reticule, minivault_14
D:3:      layout_rooms, nicolae_qazlal_eye_of_the_storm, zin_statuary,
          grunt_ministairs_15, lightli_corner_chamber, uniq_natasha
D:4:      layout_basic, lemuel_crystal_altar
D:5:      layout_rooms, portal_sewer_entry_f
D:6:      layout_gridville, kiku_gazebo_garden_becter, hangedman_decor_opposing,
          grunt_ministairs_15
D:7:      layout_basic, lemuel_temple_firewalk_b, uniq_menkaure, uniq_duvessa,
          uniq_pikel
D:8:      layout_basic, erik_lair_dragon, uniq_erica

Skill      XL: |  1  2  3  4  5  6  7  8  9 |
---------------+----------------------------+-----
Polearms       | 4 5 6 7 9 10 | 10.0
Dodging        | 1 2 3 4 9 |  9.0
Throwing       | 1 2 |  2.6
Short Blades   | 2 |  2.0
Invocations    | 1 6 7 |  7.6
Fighting       | 6 |  6.2
Armour         | |  2.1
Shields        | |  3.0

Action                   |  1- 3 |  4- 6 |  7- 9 || total
-------------------------+-------+-------+-------++-------
Melee: Trident           |   126 |   195 |   326 ||   647
       Tailslap          |       |       |     1 ||     1
 Fire: Shortbow          |       |       |    26 ||    26
       Longbow           |       |       |    23 ||    23
Throw: Stone             |    19 |    12 |    33 ||    64
       Dart              |       |    46 |    38 ||    84
Invok: Grow Ballistomyce |       |       |     4 ||     4
       Wall of Briars    |       |       |     7 ||     7
Evoke: Wand              |       |       |     1 ||     1
  Use: Potion            |     1 |     1 |     5 ||     7
       Scroll            |       |       |     4 ||     4
Armor: Scale mail        |    62 |    84 |    99 ||   245
Dodge: Dodged            |    48 |    87 |   151 ||   286
       Repelled          |       |     1 |     4 ||     5
Block: Kite shield       |    47 |       |       ||    47

Table legend: (Time is in decaauts)
 A = Elapsed time spent in this place.
 B = Non-inter-level travel time spent in this place.
 C = Inter-level travel time spent in this place.
 D = Time resting spent in this place.
 E = Time spent auto-exploring this place.
 F = Levels seen in this place.
 G = Mean time per level.
                   A        B        C        D        E       F      G
               +--------+--------+--------+--------+--------+-----+--------+
         Total |  12423 |  11843 |    580 |   5749 |   3851 |   8 | 1552.9 |
       Dungeon |  12423 |  11843 |    580 |   5749 |   3851 |   8 | 1552.9 |
               +--------+--------+--------+--------+--------+-----+--------+

Top non-repeatable levels by time:
     D:2: 2339 daAuts
     D:1: 1973 daAuts
     D:6: 1965 daAuts
     D:4: 1622 daAuts
     D:5: 1584 daAuts
     D:3: 1495 daAuts
     D:7: 1434 daAuts
     D:8: 8 daAuts
